cohdb
Replays
Latest Replays
All Replays
Popular Replays
Top Player Replays
Match Explorer
How It Works
Community
CoH3 Stats
Reddit
Sign in to upload your games and track your stats! →
Sign in with Steam
Match 38897055
Unlisted
Match 38897055
Overview
Messages
Build Orders
End
Panzerpioneer Squad
Panzergrenadier Squad
Selects Battlefield Espionage Battlegroup
Panzergrenadier Squad
Construct Light Support Kompanie
2.5-tonne Medical Truck
Selects 250/3 Funkpanzerwagen
Fire Support Elements
Veteran Squad Leaders
Pak 38 Mechanized Group
Panzergrenadier Squad
Selects Anti-Tank Incendiary Munitions
Construct Panzerarmee Kommand
Selects Intel Disruption Beacon
Pak 38 Anti-tank Gun Team
Armored Reserves
Emergency Repair Kits
Selects Plunder
Panzer IV Assault Group
Selects Disruption Operation
Selects Operation Skorpion
Disruption Operation
Flak 36 Anti-tank Gun Team
N7 SHARK
Turtleboy
Sir LoLzALot
Gmoney
Obung
BuCheonFrog
0
0
Comments
sign in to comment!
No comments posted yet!